Map: Chantier naval orbital

Players

Worming - Winner!

  • Race: Zerg Zerg
  • League: Diamond

Trigger

  • Race: Zerg Zerg

VOD

Have the link to the VOD?

Description

Time

  • Played on: Dec. 17, 2015, 2:23 p.m.
  • Length: 6:28
Show
View Real Time Build Order
Export as new Build Order

Worming Zerg - Winner!

Build Orders: Hatch First 

Get SALT Encoding   

  12  0:01  Drone  
  13  0:12  Overlord  
  13  0:17  Drone  
  14  0:30  Drone x2  
  16  0:37  Drone  
  17  0:46  Drone  
  18  1:01  Extractor  
  18  1:02  Drone  
  18  1:03  Hatchery  
  17  1:15  Spawning Pool  
  17  1:16  Drone  
  17  1:24  Drone  
  18  1:33  Drone  
  19  1:41  Overlord  
  19  1:50  Drone  
  20  2:02  Spine Crawler  
  20  2:03  Queen  
  20  2:04  Zergling x2  
  22  2:16  Zergling x4  
  24  2:29  Zergling x4  
  26  2:36  Zergling x2  
  26  2:46  Spine Crawler  
  18  3:01  Zergling x4  
  18  3:02  Zergling x4  
  18  3:04  Zergling x4  
  18  3:05  Queen  
  26  3:21  Metabolic Boost  
  26  3:25  Baneling Nest  
  22  3:33  Zergling x8  
  26  3:49  Zergling x2  
  26  3:50  Zergling x2  
  24  4:02  Baneling Nest  
  24  4:07  Zergling x6  
  24  4:08  Zergling x2  
  26  4:16  Zergling x4  
  21  4:42  Zergling x8  
  22  4:47  Drone x2  
  24  4:56  Zergling x4  
  28  5:00  Drone x2  
  28  5:03  Baneling x2  
  28  5:04  Baneling  
  25  5:19  Drone  
  26  5:21  Drone x2  
  28  5:32  Drone x5  
  33  5:41  Overlord  
  33  5:45  Overlord  
  33  5:53  Baneling  
  33  5:54  Baneling x3, Zergling x2  
  33  5:55  Zergling x2  
  35  5:59  Zergling x8  
Show
View Real Time Build Order
Export as new Build Order

Trigger Zerg 

Build Orders: Pool First, Zergling Baneling 

Get SALT Encoding   

  12  0:01  Drone  
  13  0:15  Extractor  
  12  0:24  Spawning Pool  
  12  0:28  Drone  
  12  0:33  Drone  
  13  0:37  Drone  
  14  0:50  Overlord  
  14  1:12  Zergling x2  
  14  1:13  Zergling x4  
  14  1:16  Metabolic Boost  
  17  1:24  Zergling x2  
  18  1:35  Zergling x2  
  18  1:36  Queen  
  21  1:46  Baneling Nest  
  20  1:49  Zergling x2  
  21  1:56  Zergling x2  
  22  2:07  Overlord  
  22  2:29  Zergling x4  
  24  2:32  Baneling x2  
  24  2:42  Baneling  
  24  2:45  Baneling  
  24  2:48  Zergling x2  
  22  3:03  Baneling  
  22  3:05  Zergling x4  
  22  3:06  Zergling x4  
  25  3:23  Zergling x4  
  25  3:24  Zergling x4  
  26  3:30  Baneling x2  
  26  3:41  Zergling x2  
  27  3:49  Baneling  
  27  3:51  Zergling x2  
  24  4:15  Zergling x8  
  26  4:21  Baneling x2  
  26  4:25  Baneling  
  26  4:27  Zergling x2  
  25  4:43  Zergling x2  
  25  4:45  Baneling x2  
  23  4:48  Zergling x2  
  24  5:00  Hatchery  
  24  5:02  Drone  
  24  5:14  Zergling x2  
  24  5:19  Drone x3  
  24  5:20  Drone  
  28  5:32  Drone  
  29  5:38  Baneling  
  29  5:50  Queen, Extractor  
  29  5:54  Overlord  
  31  6:06  Roach Warren  
Tags
 
Add a new tag
Caveats
  • Supply blocks, unpowered buildings, or Contaminate may cause inaccurate times.
  • Supply counts are checked every 10 seconds.